Workbook

Sheet Orçamento
B1: PREFEITURA MUNICIPAL DE FLORIANO PEIXOTO - RS
B5: Obra: Ampliação do Ginásio Municipal de Esportes Romano Seminotti
B6: Data de preço: julho/2026 Desonerado - SINAPI/RS
B7: Planilha Orçamentária | I7: BDI : | J7: 0.2892
B9: ITEM | C9: CÓDIGO | D9: FONTE | E9: DESCRIÇÃO DOS SERVIÇOS | F9: UN. | G9: QUANT. | H9: PREÇO SEM BDI (R$) | I9: PREÇO COM BDI (R$) | J9: VALOR (R$)
B11: 1 | E11: SERVIÇOS PRELIMINARES
B12: 1.1 | C12: COMP. 01 | E12: Placa da obra em chapa de aço galvanizado | F12: m² | G12: 4 | H12: 408.72 | I12: =(H12*$J$7)+H12 -> 526.92182 | J12: =G12*I12 -> 2107.6873
B13: 1.2 | C13: COMP. 02 | E13: Administração de Obra | F13: unid | G13: 1 | H13: 8730 | I13: =(H13*$J$7)+H13 -> 11254.716 | J13: =G13*I13 -> 11254.716
B14: 1.3 | C14: 99059 | D14: SINAPI | E14: Locação convencional da obra (execução de gabarito) | F14: m | G14: 80 | H14: 65 | I14: =(H14*$J$7)+H14 -> 83.798 | J14: =G14*I14 -> 6703.84
H15: Subtotal | J15: =SUM(J12:J14) -> 20066.243
B17: 2 | E17: DEMOLIÇÕES/REMOÇÕES
B18: 2.1 | C18: 97622 | D18: SINAPI | E18: Demolição de alvenaria, de forma manual, sem reaproveitamento | F18: m³ | G18: =(22.25*0.15*6)+((6+6+6+6+12.4+6+6)*0.15*3.5) -> 45.435 | H18: 63.5 | I18: =(H18*J7)+H18 -> 81.8642 | J18: =G18*I18 -> 3719.4999
B19: 2.2 | C19: 97644 | D19: SINAPI | E19: Remoção de portas, de forma manual, sem reaproveitamento | F19: m² | G19: =(6*0.6*1.8)+(7*0.8*2)+(2*2) -> 21.68 | H19: 10.5 | I19: =(H19*$J$7)+H19 -> 13.5366 | J19: =G19*I19 -> 293.47349
B20: 2.3 | C20: 97645 | D20: SINAPI | E20: Remoção de janelas, de forma manual, sem reaproveitamento | F20: m² | G20: =(0.6*3*2)+17 -> 20.6 | H20: 27.5 | I20: =(H20*$J$7)+H20 -> 35.453 | J20: =G20*I20 -> 730.3318
B21: 2.4 | C21: 97656 | D21: SINAPI | E21: Remoção de tesouras metálicas, de forma manual, sem reaproveitamento | F21: unid | G21: 3 | H21: 389 | I21: =(H21*$J$7)+H21 -> 501.4988 | J21: =G21*I21 -> 1504.4964
B22: 2.5 | C22: 97647 | D22: SINAPI | E22: Remoção de telhas, de forma manual, sem reaproveitamento | F22: m² | G22: 74.5 | H22: 3.95 | I22: =(H22*$J$7)+H22 -> 5.09234 | J22: =G22*I22 -> 379.37933
B23: 2.6 | C23: 97663 | D23: SINAPI | E23: Remoção de Louças, de forma manual, sem reaproveitamento | F23: unid | G23: 10 | H23: 14.1 | I23: =(H23*$J$7)+H23 -> 18.17772 | J23: =G23*I23 -> 181.7772
H24: Subtotal | J24: =SUM(J18:J23) -> 6808.9581
B26: 3 | E26: FUNDAÇÕES
B27: 3.1 | E27: SAPATAS
B28: 3.1.1 | C28: 96520 | D28: SINAPI | E28: Escavação mecanizada, para sapata, com retroescavadeira | F28: m³ | G28: =(21*0.8*0.8*1) -> 13.44 | H28: 95 | I28: =(H28*$J$7)+H28 -> 122.474 | J28: =G28*I28 -> 1646.0506
B29: 3.1.2 | C29: 96531 | D29: SINAPI | E29: Montagem e desmontagem de forma para sapata, madeira serrada | F29: m² | G29: =((20/2)*(0.8*4)*0.25) -> 8 | H29: 100 | I29: =(H29*$J$7)+H29 -> 128.92 | J29: =G29*I29 -> 1031.36
B30: 3.1.3 | C30: 96545 | D30: SINAPI | E30: Armação de aço CA-50 Ø8mm; incluso fornecimento, corte, dobra e colocação | F30: kg | G30: =20*4.74 -> 94.8 | H30: 15 | I30: =(H30*$J$7)+H30 -> 19.338 | J30: =G30*I30 -> 1833.2424
B31: 3.1.4 | C31: 96557 | D31: SINAPI | E31: Concretagem de sapatas Fck 30 Mpa, com uso de bomba | F31: m³ | G31: =(21*0.8*0.8*0.25) -> 3.36 | H31: 910 | I31: =(H31*$J$7)+H31 -> 1173.172 | J31: =G31*I31 -> 3941.8579
B32: 3.1.5 | C32: 93382 | D32: SINAPI | E32: Reaterro manual de valas com compactação | F32: m³ | G32: =G28-G31 -> 10.08 | H32: 29 | I32: =(H32*$J$7)+H32 -> 37.3868 | J32: =G32*I32 -> 376.85894
H33: Subtotal | J33: =SUM(J28:J32) -> 8829.3698
B35: 4 | E35: SUPERESTRUTURA
B36: 4.1 | E36: PILARES
B37: 4.1.1 | C37: 92608 | D37: SINAPI | E37: Fabricação e instalação de pilar metálico com altura de 6,00 metros | F37: unid | G37: 6 | H37: 1214 | I37: =(H37*$J$7)+H37 -> 1565.0888 | J37: =G37*I37 -> 9390.5328
B38: 4.1.2 | C38: 92602 | D38: SINAPI | E38: Fabricação e instalação de pilar metálico com altura de 3,00 metros | F38: unid | G38: 2 | H38: 670 | I38: =(H38*$J$7)+H38 -> 863.764 | J38: =G38*I38 -> 1727.528
B39: 4.1.3 | C39: 92413 | D39: SINAPI | E39: Montagem e desmontagem de forma para pilares, madeira serrada com reaproveitamento | F39: m² | G39: =(13/3)*(0.15+0.4+0.15+0.4)*3 -> 14.3 | H39: 101 | I39: =(H39*$J$7)+H39 -> 130.2092 | J39: =G39*I39 -> 1861.9916
B40: 4.1.4 | C40: 92762 | D40: SINAPI | E40: Armação de aço CA-50 Ø10mm; incluso fornecimento, corte, dobra e colocação | F40: kg | G40: =((13*1.25)*7.4) -> 120.25 | H40: 10 | I40: =(H40*$J$7)+H40 -> 12.892 | J40: =G40*I40 -> 1550.263
B41: 4.1.5 | C41: 92759 | D41: SINAPI | E41: Armação de aço CA-60 Ø 5,0mm; incluso fornecimento, corte, dobra e colocação | F41: kg | G41: =(((20*13*1))/12)*1.85 -> 40.083333 | H41: 13 | I41: =(H41*$J$7)+H41 -> 16.7596 | J41: =G41*I41 -> 671.78063
B42: 4.1.6 | C42: 103672 | D42: SINAPI | E42: Concreto Bombeado fck= 25MPa; incluindo bomba, preparo, lançamento e adensamento | F42: m³ | G42: =(13*0.15*0.4*3) -> 2.34 | H42: 815 | I42: =(H42*$J$7)+H42 -> 1050.698 | J42: =G42*I42 -> 2458.6333
B43: 4.2 | E43: CONCRETO ARMADO - VIGAS BALDRAME
B44: 4.2.1 | C44: 92270 | D44: SINAPI | E44: Montagem e desmontagem de forma para viga, madeira serrada com reaproveitamento | F44: m² | G44: =((10+22.5+10+48+35.5)*0.3*2)/2 -> 37.8 | H44: 174 | I44: =(H44*$J$7)+H44 -> 224.3208 | J44: =G44*I44 -> 8479.3262
B45: 4.2.2 | C45: 92762 | D45: SINAPI | E45: Armação de aço CA-50 Ø10mm; incluso fornecimento, corte, dobra e colocação | F45: kg | G45: =(((10+22.5+10+48+35.5)*4)/12)*7.4 -> 310.8 | H45: 10 | I45: =(H45*$J$7)+H45 -> 12.892 | J45: =G45*I45 -> 4006.8336
B46: 4.2.3 | C46: 92759 | D46: SINAPI | E46: Armação de aço CA-60 Ø 5,0mm; incluso fornecimento, corte, dobra e colocação | F46: kg | G46: =((((10+22.5+10+48+35.5)/0.15)*1)/12)*1.85 -> 129.5 | H46: 13 | I46: =(H46*$J$7)+H46 -> 16.7596 | J46: =G46*I46 -> 2170.3682
B47: 4.2.4 | C47: 103675 | D47: SINAPI | E47: Concreto Bombeado fck= 25MPa; incluindo preparo, lançamento e adensamento | F47: m³ | G47: =((((10+22.5+10+48+35.5)*0.15*0.3))) -> 5.67 | H47: 820 | I47: =(H47*$J$7)+H47 -> 1057.144 | J47: =G47*I47 -> 5994.0065
B48: 4.3 | E48: CONCRETO ARMADO PARA VERGAS | J48: =G48*I48 -> 0
B49: 4.3.1 | C49: 93187 | D49: SINAPI | E49: Verga e contraverga moldada in loco para janelas e portas | F49: m | G49: =(((6*0.8))) -> 4.8 | H49: 78 | I49: =(H49*$J$7)+H49 -> 100.5576 | J49: =G49*I49 -> 482.67648
B50: 4.4 | E50: CONCRETO ARMADO - VIGAS DE AMARRAÇÃO DAS PAREDES | J50: =G50*I50 -> 0
B51: 4.4.1 | C51: 92762 | D51: SINAPI | E51: Armação de aço CA-50 Ø10mm; incluso fornecimento, corte, dobra e colocação | F51: kg | G51: =(((10+22.5+10+48+35.5)*4)/12)*7.4 -> 310.8 | H51: 10 | I51: =(H51*$J$7)+H51 -> 12.892 | J51: =G51*I51 -> 4006.8336
B52: 4.4.2 | C52: 92759 | D52: SINAPI | E52: Armação de aço CA-60 Ø 5,0mm; incluso fornecimento, corte, dobra e colocação | F52: kg | G52: =((((10+22.5+10+48+35.5)/0.15)*1)/12)*1.85 -> 129.5 | H52: 13 | I52: =(H52*$J$7)+H52 -> 16.7596 | J52: =G52*I52 -> 2170.3682
B53: 4.4.3 | C53: 103675 | D53: SINAPI | E53: Concreto Bombeado fck= 25MPa; incluindo preparo, lançamento e adensamento | F53: m³ | G53: =((((10+22.5+10+48+35.5)*0.15*0.3))) -> 5.67 | H53: 820 | I53: =(H53*$J$7)+H53 -> 1057.144 | J53: =G53*I53 -> 5994.0065
H54: Subtotal | J54: =SUM(J37:J53) -> 50965.149
B56: 5 | E56: SISTEMA DE VEDAÇÃO VERTICAL
B57: 5.1 | E57: ALVENARIA DE VEDAÇÃO
B58: 5.1.1 | C58: 101159 | D58: SINAPI | E58: Alvenaria de vedação com blocos cerâmicos maciços 21 furos à vista, assentamento com argamassa traço 1:2:8 (cimento, cal e areia) | F58: m² | G58: =((10+10+22.5))*6+(12+35.5)*2.7 -> 383.25 | H58: 144 | I58: =(H58*$J$7)+H58 -> 185.6448 | J58: =G58*I58 -> 71148.37
B59: 5.1.2 | C59: 103324 | D59: SINAPI | E59: Alvenaria de vedação com blocos cerâmicos furados 14x19x39 cm, assentamento com argamassa traço 1:2:8 (cimento, cal e areia) | F59: m² | G59: =44*2.7 -> 118.8 | H59: 84 | I59: =(H59*$J$7)+H59 -> 108.2928 | J59: =G59*I59 -> 12865.185
H60: Subtotal | J60: =SUM(J57:J59) -> 84013.554
B62: 6 | E62: ESQUADRIAS
B63: 6.1 | E63: PORTAS INTERNAS
B64: 6.1.1 | C64: 91341 | D64: SINAPI | E64: P3 - Porta de alumínio, de giro, tipo veneziana, dimensões 90x180cm,cor branca, incluso dobradiças, batentes e fechadura do tipo sanitário | F64: m² | G64: =0.9*1.8*2 -> 3.24 | H64: 870 | I64: =(H64*$J$7)+H64 -> 1121.604 | J64: =G64*I64 -> 3633.997
B65: 6.1.2 | C65: 91341 | D65: SINAPI | E65: P4 - Porta de alumínio, de giro, tipo veneziana, dimensões 70x180cm, cor branca, incluso dobradiças, batentes e fechadura | F65: m² | G65: =16*0.7*1.8 -> 20.16 | H65: 870 | I65: =(H65*$J$7)+H65 -> 1121.604 | J65: =G65*I65 -> 22611.537
B66: 6.1.3 | C66: 91341 | D66: SINAPI | E66: P5 - Porta de alumínio, de giro, tipo veneziana, dimensões 90x210cm, cor branca, incluso dobradiças, batentes e fechadura | F66: m² | G66: =0.9*2.1*5 -> 9.45 | H66: 870 | I66: =(H66*$J$7)+H66 -> 1121.604 | J66: =G66*I66 -> 10599.158
B67: 6.2 | E67: PORTAS EXTERNAS
B68: 6.2.1 | D68: MERCADO | E68: P1 - Porta de abrir com 2 folhas, de perfis de aço, dotadas de barra anti pânico, dimensões 220x220 cm, inclusive fechadura e puxadores (conforme detalhamento) | F68: unid | G68: 3 | H68: 8500 | I68: =(H68*$J$7)+H68 -> 10958.2 | J68: =G68*I68 -> 32874.6
B69: 6.3 | E69: JANELAS DE ALUMÍNIO
B70: 6.3.1 | C70: 94559 | D70: SINAPI | E70: J1 - Janela de aço, tipo basculante, 4,40 m x 1,00, com vidro liso, incolor 4 mm | F70: m² | G70: =4.4*2 -> 8.8 | H70: 650 | I70: =(H70*$J$7)+H70 -> 837.98 | J70: =G70*I70 -> 7374.224
B71: 6.3.2 | C71: 94559 | D71: SINAPI | E71: J2 - Janela de aço, tipo basculante, 2,00 m x 0,60, com vidro fantasia, incolor 4 mm | F71: m² | G71: =6*2*0.6 -> 7.2 | H71: 650 | I71: =(H71*$J$7)+H71 -> 837.98 | J71: =G71*I71 -> 6033.456
B72: 6.3.3 | C72: 94559 | D72: SINAPI | E72: J3 - Janela de aço, tipo basculante, 0,60 m x 0,60,com vidro fantasia, incolor 4 mm | F72: m² | G72: =0.6*0.6*1 -> 0.36 | H72: 650 | I72: =(H72*$J$7)+H72 -> 837.98 | J72: =G72*I72 -> 301.6728
B73: 6.3.4 | C73: 94559 | D73: SINAPI | E73: J4 - Janela de aço, tipo basculante, 1,00 m x 0,60,com vidro fantasia, incolor 4 mm | F73: m² | G73: =1*0.6*1 -> 0.6 | H73: 650 | I73: =(H73*$J$7)+H73 -> 837.98 | J73: =G73*I73 -> 502.788
B74: 6.3.5 | C74: 101965 | D74: SINAPI | E74: Peitoril em granito cinza andorinha, L= 15cm, espessura 2cm | F74: m | G74: =(6*2)+0.6+1+(4.4*2) -> 22.4 | H74: 184 | I74: =(H74*$J$7)+H74 -> 237.2128 | J74: =G74*I74 -> 5313.5667
H75: Subtotal | J75: =SUM(J64:J74) -> 89244.999
B77: 7 | E77: SISTEMAS DE COBERTURA
B78: 7.1 | C78: 92618 | D78: SINAPI | E78: Fabricação e instalação de tesoura interna em aço, vão de 11m, para telhados, incluso içamento | F78: un | G78: 4 | H78: 2250 | I78: =(H78*$J$7)+H78 -> 2900.7 | J78: =G78*I78 -> 11602.8
B79: 7.2 | C79: 92608 | D79: SINAPI | E79: Fabricação e instalação de tesoura interna em aço, vão de 6m, para telhados, incluso içamento | F79: un | G79: 8 | H79: 1210 | I79: =(H79*$J$7)+H79 -> 1559.932 | J79: =G79*I79 -> 12479.456
B80: 7.3 | C80: 92570 | D80: SINAPI | E80: Trama de aço composta por ripas, caibros e terças, para telhados de 2 águas para telha | F80: m² | G80: =(10*22.25)+(6*35.5)+49.5 -> 485 | H80: 47.5 | I80: =(H80*$J$7)+H80 -> 61.237 | J80: =G80*I80 -> 29699.945
B81: 7.4 | C81: 94213 | D81: SINAPI | E81: Telhamento com telha de aço e:0,5 mm, 2 águas, incluso içamento | F81: m² | G81: =G80 -> 485 | H81: 66 | I81: =(H81*$J$7)+H81 -> 85.0872 | J81: =G81*I81 -> 41267.292
B82: 7.5 | C82: 94231 | D82: SINAPI | E82: Rufo em chapa de aço galvanizado | F82: m | G82: =35.5+9 -> 44.5 | H82: 55 | I82: =(H82*$J$7)+H82 -> 70.906 | J82: =G82*I82 -> 3155.317
B83: 7.6 | C83: 94228 | D83: SINAPI | E83: Calha em chapa de aço galvanizado | F83: m | G83: =10+35.5+10 -> 55.5 | H83: 98 | I83: =(H83*$J$7)+H83 -> 126.3416 | J83: =G83*I83 -> 7011.9588
H84: Subtotal | J84: =SUM(J78:J83) -> 105216.77
B86: 8 | E86: IMPERMEABILIZAÇÃO
B87: 8.1 | C87: 98557 | D87: SINAPI | E87: Impermeabilização com tinta betuminosa em fundações | F87: m² | G87: =(10+10+22.5+35.5+48)*0.35 -> 44.1 | H87: 46 | I87: =(H87*$J$7)+H87 -> 59.3032 | J87: =G87*I87 -> 2615.2711
B88: 8.2 | C88: 98555 | D88: SINAPI | E88: Impermeabilização de superfície com argamassa polimérica, membrana acrílica em áreas molhadas e ralos | F88: m² | G88: =1.5*11 -> 16.5 | H88: 34 | I88: =(H88*$J$7)+H88 -> 43.8328 | J88: =G88*I88 -> 723.2412
H89: Subtotal | J89: =SUM(J87:J88) -> 3338.5123
B91: 9 | E91: REVESTIMENTOS INTERNOS
B92: 9.1 | C92: 87878 | D92: SINAPI | E92: Chapisco em paredes, vigas e pilares, com argamassa traço 1:3 (cimento e areia) | F92: m² | G92: =((6+6+35.5)*2.7)+(G59*2) -> 365.85 | H92: 5.5 | I92: =(H92*$J$7)+H92 -> 7.0906 | J92: =G92*I92 -> 2594.096
B93: 9.2 | C93: 87535 | D93: SINAPI | E93: Emboço de parede, com argamassa traço 1:2:8 (cimento, cal e areia), espessura 2cm | F93: m² | G93: =G92 -> 365.85 | H93: 34.5 | I93: =(H93*$J$7)+H93 -> 44.4774 | J93: =G93*I93 -> 16272.057
B94: 9.3 | C94: 104611 | D94: SINAPI | E94: Revestimento cerâmico para paredes com placas de dimensões 60x60cm aplicadas à altura inteira das paredes - cor branca | F94: m² | G94: =((5.85+3+1.5+5.85+4.5+4+4)+(3.7+3)+(3.7+3)+(3.7+3)+(5.85+5.85+3.8+2.1+6+4+4))*2.7 -> 217.08 | H94: 103.5 | I94: =(H94*$J$7)+H94 -> 133.4322 | J94: =G94*I94 -> 28965.462
H95: Subtotal | J95: =SUM(J92:J94) -> 47831.615
B97: 10 | E97: FORROS
B98: 10.1 | C98: 96486 | D98: SINAPI | E98: Forro em PVC, liso, 10 mm, inclusive sistema de fixação | F98: m² | G98: =35.62+21.12+21.12+48.91+21.12+27.34+23.98 -> 199.21 | H98: 90.7 | I98: =(H98*$J$7)+H98 -> 116.93044 | J98: =G98*I98 -> 23293.713
B99: 10.2 | C99: 96121 | D99: SINAPI | E99: Acabamento para forro, rodaforro em perfil plástico | F99: m | G99: =5.85+5.85+5.95+6+((3.7+3.7+5.7+5.7)*3)+(5.85+5.85+4.5+4.5)+2+2+3.7+3.7+2.35+19+16 -> 149.5 | H99: 13.9 | I99: =(H99*$J$7)+H99 -> 17.91988 | J99: =G99*I99 -> 2679.0221
H100: Subtotal | J100: =SUM(J98:J99) -> 25972.735
B102: 11 | E102: SISTEMAS DE PISOS
B103: 11.1 | C103: 94995 | D103: SINAPI | E103: Execução de piso de concreto com concreto usinado, armado, espessura de 8 cm | F103: m² | G103: =199.21+216.2 -> 415.41 | H103: 105 | I103: =(H103*$J$7)+H103 -> 135.366 | J103: =G103*I103 -> 56232.39
B104: 11.2 | C104: 87620 | D104: SINAPI | E104: Contrapiso em argamassa, traço 1:4, preparo com betoneira, sobre piso de concreto e: 2 cm | F104: m² | G104: =G98 -> 199.21 | H104: 35 | I104: =(H104*$J$7)+H104 -> 45.122 | J104: =G104*I104 -> 8988.7536
B105: 11.3 | C105: 87263 | D105: SINAPI | E105: Revestimento cerâmico para piso com placas de dimensões 80x80cm, porcelanato | F105: m² | G105: =G104 -> 199.21 | H105: 125 | I105: =(H105*$J$7)+H105 -> 161.15 | J105: =G105*I105 -> 32102.691
B106: 11.4 | C106: 101751 | D106: SINAPI | E106: Piso em taco de madeira, fixado com cola PVA | F106: m² | G106: 216.2 | H106: 320 | I106: =(H106*$J$7)+H106 -> 412.544 | J106: =G106*I106 -> 89192.013
B107: 11.5 | C107: 88650 | D107: SINAPI | E107: Rodapé cerâmico 7 cm de altura em placas tipo esmaltada extra | F107: m | G107: =G99 -> 149.5 | H107: 13 | I107: =(H107*$J$7)+H107 -> 16.7596 | J107: =G107*I107 -> 2505.5602
B108: 11.6 | C108: 98689 | D108: SINAPI | E108: Soleira em granito cinza andorinha, L= 15cm, espessura 2cm | F108: m | G108: =2.2*3 -> 6.6 | H108: 140 | I108: =(H108*$J$7)+H108 -> 180.488 | J108: =G108*I108 -> 1191.2208
H109: Subtotal | J109: =SUM(J103:J108) -> 190212.63
B111: 12 | E111: PINTURAS E ACABAMENTOS
B112: 12.1 | C112: 88485 | D112: SINAPI | E112: Aplicação de fundo selador acrílico em paredes, 1 demão | F112: m² | G112: =G92-G94 -> 148.77 | H112: 4 | I112: =(H112*$J$7)+H112 -> 5.1568 | J112: =G112*I112 -> 767.17714
B113: 12.2 | C113: 88497 | D113: SINAPI | E113: Aplicação e lixamento de massa corrida em parede interna, 2 demãos | F113: m² | G113: =G112 -> 148.77 | H113: 20 | I113: =(H113*$J$7)+H113 -> 25.784 | J113: =G113*I113 -> 3835.8857
B114: 12.3 | C114: 88489 | D114: SINAPI | E114: Pintura com tinta acrílica premium acetinada, sobre paredes internas, 2 demãos | F114: m² | G114: =G112 -> 148.77 | H114: 13.9 | I114: =(H114*$J$7)+H114 -> 17.91988 | J114: =G114*I114 -> 2665.9405
B115: 12.4 | C115: 10224 | D115: SINAPI | E115: Aplicação manual de de membrana a base de resina acrílica, em paredes de tijolos à vista | F115: m² | G115: =((35.5+12)*2.7)+((22.5+10+10)*6) -> 383.25 | H115: 35 | I115: =(H115*$J$7)+H115 -> 45.122 | J115: =G115*I115 -> 17293.006
B116: 12.5 | C116: 100741 | D116: SINAPI | E116: Pintura em esmalte sintético acetinado, sobre superfície metálica, 2 demãos | F116: m² | G116: =2.2*2.2*3*2 -> 29.04 | H116: 26.5 | I116: 22 | J116: =G116*I116 -> 638.88
...

Sheet Plan1
A1: ESQUADRIAS | L1: azulejo | S1: moldura | U1: RODAPÉ
A3: TIPO | B3: VÃO | C3: ALTURA | D3: QTDE | F3: MATERIAL | G3: VERGA | H3: PEITORIL | L3: 4 | M3: 3 | N3: =L3*M3 -> 12 | P3: =N3-O3 -> 12 | S3: 15.85 | U3: 15.85
A4: JANELA | B4: 1.5 | C4: 1.2 | D4: 40 | E4: =B4*C4*D4 -> 72 | F4: ALUMÍNIO QUE IMITA MADEIRA | G4: =B4*2*26 -> 78 | H4: =B4*D4 -> 60 | L4: 4 | M4: 3 | N4: =L4*M4 -> 12 | P4: =N4-O4 -> 12 | S4: 13 | U4: 13
A5: PELE DE VIDRO | B5: 2 | C5: 2.6 | D5: 1 | E5: =B5*C5*D5 -> 5.2 | F5: ALUMÍNIO QUE IMITA MADEIRA | G5: =B5*2*D5 -> 4 | L5: 4 | M5: 3 | N5: =L5*M5 -> 12 | P5: =N5-O5 -> 12 | S5: 13 | U5: 13
A6: JANELA | B6: 1 | C6: 0.6 | D6: 2 | E6: =B6*C6*D6 -> 1.2 | F6: ALUMÍNIO QUE IMITA MADEIRA | G6: =B6*2*D6 -> 4 | H6: =B6*D6 -> 2 | L6: 4 | M6: 3 | N6: =L6*M6 -> 12 | P6: =N6-O6 -> 12 | S6: 21.3 | U6: 21.3
A7: PELE DE VIDRO | B7: 2 | C7: 1.35 | D7: 1 | E7: =B7*C7*D7 -> 2.7 | F7: ALUMÍNIO QUE IMITA MADEIRA | G7: =B7*2*D7 -> 4 | L7: 3.5 | M7: 3 | N7: =L7*M7 -> 10.5 | O7: =1*2.1 -> 2.1 | P7: =N7-O7 -> 8.4 | S7: 22.3 | U7: 22.3
A8: PORTA DE VARANDA | B8: 3.2 | C8: 2.2 | D8: 3 | E8: =B8*C8*D8 -> 21.12 | F8: ALUMÍNIO QUE IMITA MADEIRA | G8: =B8*D8 -> 9.6 | L8: 3.5 | M8: 3 | N8: =L8*M8 -> 10.5 | O8: =1*2.1 -> 2.1 | P8: =N8-O8 -> 8.4 | S8: 26.8 | U8: 26.8
A9: PORTA DE ENTRADA | B9: 3.2 | C9: 2.2 | D9: 1 | E9: =B9*C9*D9 -> 7.04 | G9: =B9*D9 -> 3.2 | L9: 3.5 | M9: 3 | N9: =L9*M9 -> 10.5 | O9: =0.6 -> 0.6 | P9: =N9-O9 -> 9.9 | S9: 15 | U9: 13.3
A10: PORTA DE ENTRADA | B10: 2 | C10: 2.2 | D10: 1 | E10: =B10*C10*D10 -> 4.4 | G10: =B10*D10 -> 2 | L10: 3.5 | M10: 3 | N10: =L10*M10 -> 10.5 | O10: =0.6 -> 0.6 | P10: =N10-O10 -> 9.9 | S10: 15 | U10: 13
A11: JANELAS OITÃO | E11: 88 | G11: =B11*2*D11 -> 0 | L11: 4 | M11: 3 | N11: =L11*M11 -> 12 | P11: =N11-O11 -> 12 | S11: 13.3 | U11: 13
A12: PORTAS INTERNAS | B12: 0.8 | C12: 2.1 | D12: 24 | E12: =B12*C12*D12 -> 40.32 | G12: =B12*D12 -> 19.2 | L12: 2.85 | M12: 3 | N12: =L12*M12 -> 8.55 | O12: =1.5*1.2 -> 1.8 | P12: =N12-O12 -> 6.75 | S12: 13 | U12: 18
A13: PORTAS INTERNAS | B13: 0.9 | C13: 2.1 | D13: 4 | E13: =B13*C13*D13 -> 7.56 | G13: =B13*D13 -> 3.6 | L13: 2.5 | M13: 0.9 | N13: =L13*M13 -> 2.25 | P13: =N13-O13 -> 2.25 | S13: 13 | U13: 13
A14: PORTA BANHEIRO | B14: 1 | C14: 2.2 | D14: 4 | E14: =B14*C14*D14 -> 8.8 | G14: 2 | L14: 2.5 | M14: 3 | N14: =L14*M14 -> 7.5 | P14: =N14-O14 -> 7.5 | S14: 18 | U14: 13
A15: PORTAS INTERNAS | B15: 0.8 | C15: 2.1 | D15: 5 | E15: =B15*C15*D15 -> 8.4 | L15: 4 | M15: 2.2 | N15: =L15*M15 -> 8.8 | O15: =0.8*2.2 -> 1.76 | P15: =N15-O15 -> 7.04 | S15: 13 | U15: 13
A16: TOTAL ESQUADRIAS | E16: =SUM(E4:E15) -> 266.74 | F16: TOTAL VERGAS | G16: =SUM(G4:G15) -> 129.6 | L16: 4 | M16: 2.2 | N16: =L16*M16 -> 8.8 | P16: =N16-O16 -> 8.8 | S16: 13 | U16: 13
L17: 4 | M17: 2.2 | N17: =L17*M17 -> 8.8 | P17: =N17-O17 -> 8.8 | S17: 13 | U17: 16
E18: =(E8+E9+E10+E12)+(25*1.5*1.2)+E14+E5+E7+E6 -> 135.78 | L18: 4 | M18: 2.2 | N18: =L18*M18 -> 8.8 | P18: =N18-O18 -> 8.8 | S18: 13 | U18: 18.3
A19: ALVENARIA | L19: 4 | M19: 2.2 | N19: =L19*M19 -> 8.8 | P19: =N19-O19 -> 8.8 | S19: 16 | U19: 16
L20: 4 | M20: 2.2 | N20: =L20*M20 -> 8.8 | P20: =N20-O20 -> 8.8 | S20: 18.3 | U20: 13
A21: LOCALIZAÇÃO | B21: VÃO | C21: ALTURA | D21: ÁREA | L21: 3.5 | M21: 0.9 | N21: =L21*M21 -> 3.15 | O21: =0.8*2.2 -> 1.76 | P21: =N21-O21 -> 1.39 | S21: 16 | U21: 13
A22: EXTERNA INF | B22: 10.6 | C22: 2.7 | D22: =B22*C22 -> 28.62 | L22: 3.5 | M22: 0.9 | N22: =L22*M22 -> 3.15 | O22: =0.8*2.2 -> 1.76 | P22: =N22-O22 -> 1.39 | S22: 13 | U22: 19
A23: EXTERNA INF | B23: 7.3 | C23: 2.7 | D23: =B23*C23 -> 19.71 | L23: 3.5 | M23: 3 | N23: =L23*M23 -> 10.5 | P23: =N23-O23 -> 10.5 | S23: 13 | U23: 56
A24: EXTERNA INF | B24: 10.8 | C24: 2.7 | D24: =B24*C24 -> 29.16 | L24: 3.5 | M24: 3 | N24: =L24*M24 -> 10.5 | P24: =N24-O24 -> 10.5 | S24: 19 | U24: 22
A25: EXTERNA INF | B25: 10.6 | C25: 2.7 | D25: =B25*C25 -> 28.62 | F25: =SUM(B22:B33) -> 102.65 | M25: AZULEJOS | P25: =SUM(P3:P24) -> 187.92 | S25: 56 | U25: 21
A26: EXTERNA INF | B26: 10.95 | C26: 2.7 | D26: =B26*C26 -> 29.565 | F26: =SUM(B46:B57) -> 143.05 | S26: =SUM(S3:S25) -> 402.85 | U26: 13
A27: EXTERNA INF | B27: 1 | C27: 2.7 | D27: =B27*C27 -> 2.7 | F27: =F25+F26 -> 245.7 | L27: FORRO BEIRAL | U27: 13
A28: EXTERNA INF | B28: 10.6 | C28: 2.7 | D28: =B28*C28 -> 28.62 | L28: =0.9*1.15*2 -> 2.07 | M28: 2 | N28: =L28*M28 -> 4.14 | U28: 13
A29: EXTERNA INF | B29: 1 | C29: 2.7 | D29: =B29*C29 -> 2.7 | F29: =F27*0.35 -> 85.995 | L29: =0.2*3.3*2 -> 1.32 | M29: 2 | N29: =L29*M29 -> 2.64 | U29: 25
A30: EXTERNA INF | B30: 10.95 | C30: 2.7 | D30: =B30*C30 -> 29.565 | L30: =4.4*1.35 -> 5.94 | M30: 2 | N30: =L30*M30 -> 11.88 | U30: 19
A31: EXTERNA INF | B31: 10.6 | C31: 2.7 | D31: =B31*C31 -> 28.62 | L31: =0.3*3.3*2 -> 1.98 | M31: 2 | N31: =L31*M31 -> 3.96 | U31: 21
A32: EXTERNA INF | B32: 10.95 | C32: 2.7 | D32: =B32*C32 -> 29.565 | L32: =(0.2*1.55*2)+(0.3*1.4*2) -> 1.46 | M32: 14 | N32: =L32*M32 -> 20.44 | U32: 25
A33: EXTERNA INF | B33: 7.3 | C33: 2.7 | D33: =B33*C33 -> 19.71 | F33: =SUM(D22:D45) -> 343.8775 | L33: =0.8*7.8*2 -> 12.48 | M33: 1 | N33: =L33*M33 -> 12.48 | U33: 19
A34: EXTERNA SUP | B34: 10.6 | C34: 0.65 | D34: =B34*C34 -> 6.89 | F34: =SUM(E4:E11) -> 201.66 | L34: =0.35*4 -> 1.4 | M34: 1 | N34: =L34*M34 -> 1.4 | U34: 40
A35: EXTERNA SUP | B35: 7.3 | C35: 0.65 | D35: =B35*C35 -> 4.745 | F35: =F33-F34 -> 142.2175 | L35: =1.2*7 -> 8.4 | M35: 1 | N35: =L35*M35 -> 8.4 | U35: 34
A36: EXTERNA SUP | B36: 10.8 | C36: 0.65 | D36: =B36*C36 -> 7.02 | L36: =0.4*7.7*2 -> 6.16 | M36: 3 | N36: =L36*M36 -> 18.48 | U36: 26
A37: EXTERNA SUP | B37: 10.6 | C37: 0.65 | D37: =B37*C37 -> 6.89 | L37: =853800/(100*100) -> 85.38 | M37: 1 | N37: =L37*M37 -> 85.38 | U37: 40
A38: EXTERNA SUP | B38: 10.95 | C38: 0.65 | D38: =B38*C38 -> 7.1175 | N38: =SUM(N28:N37) -> 169.2
A39: EXTERNA SUP | B39: 1 | C39: 0.65 | D39: =B39*C39 -> 0.65 | U39: =SUM(U3:U37) -> 703.85 | V39: =U39-(U41*2) -> 665.45
A40: EXTERNA SUP | B40: 10.6 | C40: 0.65 | D40: =B40*C40 -> 6.89 | L40: ESPELHO
A41: EXTERNA SUP | B41: 1 | C41: 0.65 | D41: =B41*C41 -> 0.65 | L41: =3.5*2 -> 7 | M41: 2 | N41: =L41*M41 -> 14 | U41: =D12*B12 -> 19.2
A42: EXTERNA SUP | B42: 10.95 | C42: 0.65 | D42: =B42*C42 -> 7.1175 | L42: 6.5 | M42: 2 | N42: =L42*M42 -> 13
A43: EXTERNA SUP | B43: 10.6 | C43: 0.65 | D43: =B43*C43 -> 6.89 | L43: =(1.5+1.65)*2 -> 6.3 | M43: 14 | N43: =L43*M43 -> 88.2
A44: EXTERNA SUP | B44: 10.95 | C44: 0.65 | D44: =B44*C44 -> 7.1175 | L44: =8*2 -> 16 | M44: 1 | N44: =L44*M44 -> 16
A45: EXTERNA SUP | B45: 7.3 | C45: 0.65 | D45: =B45*C45 -> 4.745 | L45: 8.15 | M45: 1 | N45: =L45*M45 -> 8.15
A46: INTERNA INF | B46: 11.45 | C46: 2.7 | D46: =B46*C46 -> 30.915 | L46: =8*2 -> 16 | M46: 3 | N46: =L46*M46 -> 48
A47: INTERNA INF | B47: 7.3 | C47: 2.7 | D47: =B47*C47 -> 19.71 | L47: 110 | M47: 1 | N47: =L47*M47 -> 110 | P47: =SUM(P3:P45) -> 375.84
A48: INTERNA INF | B48: 4 | C48: 2.7 | D48: =B48*C48 -> 10.8 | N48: =SUM(N41:N47) -> 297.35
A49: INTERNA INF | B49: 12.1 | C49: 2.7 | D49: =B49*C49 -> 32.67
A50: INTERNA INF | B50: 11.1 | C50: 2.7 | D50: =B50*C50 -> 29.97
A51: INTERNA INF | B51: 2 | C51: 2.7 | D51: =B51*C51 -> 5.4 | L51: TELHADO | N51: CUMEEIRA
A52: INTERNA INF | B52: =4*16 -> 64 | C52: 2.7 | D52: =B52*C52 -> 172.8 | L52: =4219560/(100*100) -> 421.956 | N52: 33.3
A53: INTERNA INF | B53: 2.85 | C53: 2.7 | D53: =B53*C53 -> 7.695 | L53: 93.82 | N53: 20.1
A54: INTERNA INF | B54: =5*2 -> 10 | C54: 2.7 | D54: =B54*C54 -> 27 | L54: 23.2 | N54: =2.7*14 -> 37.8
A55: INTERNA INF | B55: 11.1 | C55: 2.7 | D55: =B55*C55 -> 29.97 | L55: 23.2 | N55: =3.8*2 -> 7.6
A56: INTERNA INF | B56: 2 | C56: 2.7 | D56: =B56*C56 -> 5.4 | L56: =7.17*14 -> 100.38
A57: INTERNA INF | B57: 5.15 | C57: 2.7 | D57: =B57*C57 -> 13.905 | L57: 167.81 | N57: =SUM(N52:N55) -> 98.8
A58: INTERNA SUP | B58: =4*13 -> 52 | C58: 2.3 | D58: =B58*C58 -> 119.6 | L58: 25.92
A59: INTERNA SUP | B59: 11.45 | C59: 2.3 | D59: =B59*C59 -> 26.335 | L59: =SUM(L52:L58) -> 856.286
A60: INTERNA SUP | B60: 11.45 | C60: 2.3 | D60: =B60*C60 -> 26.335
A61: INTERNA SUP | B61: 15 | C61: 2.3 | D61: =B61*C61 -> 34.5
A62: INTERNA SUP | B62: 2 | C62: 2.3 | D62: =B62*C62 -> 4.6
A63: INTERNA SUP | B63: 8.45 | C63: 2.3 | D63: =B63*C63 -> 19.435
A64: INTERNA SUP | B64: =8.15*2 -> 16.3 | C64: 2.3 | D64: =B64*C64 -> 37.49
A65: INTERNA SUP | B65: 5.8 | C65: 2.3 | D65: =B65*C65 -> 13.34
A66: INTERNA SUP | B66: 2.5 | C66: 2.3 | D66: =B66*C66 -> 5.75
A67: INTERNA SUP | B67: 8.8 | C67: 2.3 | D67: =B67*C67 -> 20.24
B69: =SUM(B22:B67) -> 482.1 | D69: =SUM(D22:D67) -> 1037.7375 | F69: =D69-E16 -> 770.9975
F71: =D69-135 -> 902.7375

Sheet Cronograma
B1: PREFEITURA MUNICIPAL DE FLORIANO PEIXOTO - RS
B4: Obra: Ampliação do Ginásio Municipal Romano Seminotti
B5: Cronograma Físico e Financeiro
B6: ITEM | C6: DESCRIÇÃO DOS SERVIÇOS | D6: VALOR (R$) | E6: % ITEM | F6: 1 | G6: 2 | H6: 3 | I6: 4 | J6: 5 | K6: 6 | L6: 7 | M6: 8
B8: 1 | C8: SERVIÇOS PRELIMINARES | D8: =Orçamento!J15 -> 20066.243 | E8: =D8/$D$49 -> 0.02308825 | F8: 1
F9: =F8*D8 -> 20066.243
B10: 2 | C10: DEMOLIÇÕES/REMOÇÕES | D10: =Orçamento!J24 -> 6808.9581 | E10: =D10/$D$49 -> 0.0078343977 | F10: 1
F11: =F10*D10 -> 6808.9581
B12: 3 | C12: FUNDAÇÕES | D12: =Orçamento!J33 -> 8829.3698 | E12: =D12/$D$49 -> 0.010159086 | F12: 1
F13: =F12*D12 -> 8829.3698
B14: 4 | C14: SUPERESTRUTURA | D14: =Orçamento!J54 -> 50965.149 | E14: =D14/$D$49 -> 0.058640578 | F14: 0.5 | G14: 0.5
F15: =F14*$D14 -> 25482.574 | G15: =G14*$D14 -> 25482.574
B16: 5 | C16: SISTEMA DE VEDAÇÃO VERTICAL | D16: =Orçamento!J60 -> 84013.554 | E16: =D16/$D$49 -> 0.096666125 | G16: 0.5 | H16: 0.5
G17: =G16*$D16 -> 42006.777 | H17: =H16*$D16 -> 42006.777
B18: 6 | C18: ESQUADRIAS | D18: =Orçamento!J75 -> 89244.999 | E18: =D18/$D$49 -> 0.10268543 | H18: 0.5 | I18: 0.5
H19: =H18*$D18 -> 44622.499 | I19: =I18*$D18 -> 44622.499
B20: 7 | C20: SISTEMAS DE COBERTURA | D20: =Orçamento!J84 -> 105216.77 | E20: =D20/$D$49 -> 0.12106258 | I20: 0.5 | J20: 0.5
I21: =I20*D20 -> 52608.384 | J21: =J20*D20 -> 52608.384
B22: 8 | C22: IMPERMEABILIZAÇÃO | D22: =Orçamento!J89 -> 3338.5123 | E22: =D22/$D$49 -> 0.0038412974 | G22: 0.5 | K22: 0.5
G23: =G22*D22 -> 1669.2562 | K23: =K22*D22 -> 1669.2562
B24: 9 | C24: REVESTIMENTOS INTERNOS | D24: =Orçamento!J95 -> 47831.615 | E24: =D24/$D$49 -> 0.055035129 | J24: 1
J25: =J24*D24 -> 47831.615
B26: 10 | C26: FORROS | D26: =Orçamento!J100 -> 25972.735 | E26: =D26/$D$49 -> 0.029884269 | K26: 1
K27: =K26*$D26 -> 25972.735
B28: 11 | C28: SISTEMAS DE PISOS | D28: =Orçamento!J109 -> 190212.63 | E28: =D28/$D$49 -> 0.21885894 | L28: 0.7 | M28: 0.3
L29: =D28*L28 -> 133148.84 | M29: =M28*D28 -> 57063.789
B30: 12 | C30: PINTURAS E ACABAMENTOS | D30: =Orçamento!J117 -> 25200.89 | E30: =D30/$D$49 -> 0.028996183 | K30: 0.7 | L30: 0.2 | M30: 0.1
K31: =K30*D30 -> 17640.623 | L31: =L30*D30 -> 5040.178 | M31: =M30*D30 -> 2520.089
B32: 13 | C32: INSTALAÇÃO HIDRÁULICA | D32: =Orçamento!J136 -> 8977.0864 | E32: =D32/$D$49 -> 0.010329049 | H32: 0.4 | I32: 0.4 | M32: 0.2
H33: =H32*D32 -> 3590.8345 | I33: =I32*$D32 -> 3590.8345 | M33: =M32*$D32 -> 1795.4173
B34: 14 | C34: INSTALAÇÃO SANITÁRIA | D34: =Orçamento!J157 -> 14901.657 | E34: =D34/$D$49 -> 0.017145869 | G34: 0.6 | M34: 0.4
G35: =G34*D34 -> 8940.9939 | M35: =M34*D34 -> 5960.6626
B36: 15 | C36: LOUÇAS E METAIS | D36: =Orçamento!J176 -> 127724.63 | E36: =D36/$D$49 -> 0.14696015 | M36: 1
M37: =M36*$D36 -> 127724.63
B38: 16 | C38: SISTEMAS DE PROTEÇÃO CONTRA INCÊNDIO | D38: =Orçamento!J204 -> 12554.874 | E38: =D38/$D$49 -> 0.014445658 | G38: 0.5 | L38: 0.25 | M38: 0.25
G39: =G38*D38 -> 6277.4371 | L39: =L38*D38 -> 3138.7186 | M39: =M38*D38 -> 3138.7186
B40: 16 | C40: INSTALAÇÕES ELÉTRICAS - 220V | D40: =Orçamento!J229 -> 19043.083 | E40: =D40/$D$49 -> 0.021911 | G40: 0.3 | H40: 0.2 | J40: 0.2 | L40: 0.2 | M40: 0.1
G41: =G40*D40 -> 5712.9248 | H41: =H40*D40 -> 3808.6165 | J41: =J40*D40 -> 3808.6165 | L41: =L40*D40 -> 3808.6165 | M41: =M40*D40 -> 1904.3083
B42: 17 | C42: ENTORNOS E PAISAGISMO | D42: =Orçamento!J235 -> 20267.513 | E42: =D42/$D$49 -> 0.023319832 | K42: 0.5 | M42: 0.5
K43: =K42*D42 -> 10133.757 | M43: =M42*D42 -> 10133.757
B44: 18 | C44: SERVIÇOS COMPLEMENTARES | D44: =Orçamento!J242 -> 6972.3546 | E44: =D44/$D$49 -> 0.0080224019 | K44: 1
K45: =D44*K44 -> 6972.3546
B46: 19 | C46: SERVIÇOS FINAIS | D46: =Orçamento!J247 -> 967.98937 | E46: =D46/$D$49 -> 0.0011137701 | M46: 1
M47: =D46 -> 967.98937
B49: Valores totais | D49: =SUM(D8:D47) -> 869110.61 | E49: =SUM(E8:E47) -> 1 | F49: =F9+F11+F13+F15+F17+F19+F21+F23+F25+F27+F29+F31+F33+F35+F37+F39+F41+F43+F45+F47 -> 61187.146 | G49: =G9+G11+G13+G15+G17+G19+G21+G23+G25+G27+G29+G31+G33+G35+G37+G39+G41+G43+G45+G47 -> 90089.963 | H49: =H9+H11+H13+H15+H17+H19+H21+H23+H25+H27+H29+H31+H33+H35+H37+H39+H41+H43+H45+H47 -> 94028.728 | I49: =I9+I11+I13+I15+I17+I19+I21+I23+I25+I27+I29+I31+I33+I35+I37+I39+I41+I43+I45+I47 -> 100821.72 | J49: =J9+J11+J13+J15+J17+J19+J21+J23+J25+J27+J29+J31+J33+J35+J37+J39+J41+J43+J45+J47 -> 104248.62 | K49: =K9+K11+K13+K15+K17+K19+K21+K23+K25+K27+K29+K31+K33+K35+K37+K39+K41+K43+K45+K47 -> 62388.725 | L49: =L9+L11+L13+L15+L17+L19+L21+L23+L25+L27+L29+L31+L33+L35+L37+L39+L41+L43+L45+L47 -> 145136.35 | M49: =M9+M11+M13+M15+M17+M19+M21+M23+M25+M27+M29+M31+M33+M35+M37+M39+M41+M43+M45+M47 -> 211209.36
F50: =F49/$D$49 -> 0.070402024 | G50: =G49/$D$49 -> 0.10365765 | H50: =H49/$D$49 -> 0.1081896 | I50: =I49/$D$49 -> 0.11600562 | J50: =J49/$D$49 -> 0.11994862 | K50: =K49/$D$49 -> 0.071784563 | L50: =L49/$D$49 -> 0.16699411 | M50: =M49/$D$49 -> 0.24301781
F51: =F50 -> 0.070402024 | G51: =F51+G50 -> 0.17405967 | H51: =G51+H50 -> 0.28224927 | I51: =H51+I50 -> 0.3982549 | J51: =I51+J50 -> 0.51820351 | K51: =J51+K50 -> 0.58998808 | L51: =K51+L50 -> 0.75698219 | M51: =L51+M50 -> 1
B54: Floriano Peixoto/RS, 04 de setembro de 2026.
C59: Eng. Angelica Gasparetto Sandri | I59: Jair Antonio Ostrowski
C60: CREA RS 215.874 | I60: Prefeito Municipal

Sheet COMP
A1: COMPOSIÇÕES PRÓPRIAS
A2: Obra: Ampliação do Ginásio Municipal de Esportes Romano Seminotti
A4: PLACA DE OBRA EM CHAPA GALVANIZADA - M²
A5: COMPOSIÇÃO 1 | B5: CÓDIGO | C5: DESCRIÇÃO | D5: UN | E5: QTDE | F5: VALOR UNITÁRIO | J5: VALOR TOTAL
A6: INSUMO | B6: 4417 | C6: SARRAFO DE MADEIRA 2,5x7 cm | D6: M | E6: 1 | F6: 7.43 | J6: =F6*E6 -> 7.43
A7: INSUMO | B7: 20209 | C7: CAIBRO 7,5x7,5 cm | D7: M | E7: 4 | F7: 27.88 | J7: =F7*E7 -> 111.52
A8: INSUMO | B8: 4813 | C8: PLACA DE OBRA EM CHPA GALVANIZADA N 22 | D8: M² | E8: 1 | F8: 250 | J8: =F8*E8 -> 250
A9: INSUMO | B9: 5075 | C9: PREGO DE AÇO 18X30 | D9: KG | E9: 0.1 | F9: 14.7 | J9: =F9*E9 -> 1.47
A10: COMPOSICAO | B10: 88262 | C10: CARPINTEIRO | D10: H | E10: 0.5 | F10: 28.6 | J10: =F10*E10 -> 14.3
A11: COMPOSICAO | B11: 88316 | C11: SERVENTE | D11: H | E11: 1 | F11: 24 | J11: =F11*E11 -> 24
F12: TOTAL | J12: =SUM(J6:J11) -> 408.72
A14: ADMINISTRAÇÃO DE OBRA - UNID
A15: COMPOSIÇÃO 2 | B15: CÓDIGO | C15: DESCRIÇÃO | D15: UN | E15: QTDE | F15: VALOR UNITÁRIO | J15: VALOR TOTAL
A16: COMPOSICAO | B16: 90777 | C16: ENGENHEIRO CIVIL DE OBRA JUNIOR | D16: H | E16: 15 | F16: 125 | J16: =F16*E16 -> 1875
A17: COMPOSICAO | B17: 90780 | C17: MESTRE DE OBRAS | D17: H | E17: 45 | F17: 115 | J17: =F17*E17 -> 5175
A18: COMPOSICAO | B18: 90766 | C18: ALMOXARIFE | D18: H | E18: 60 | F18: 28 | J18: =F18*E18 -> 1680
F19: TOTAL | J19: =J16+J17+J18 -> 8730
A21: BANCADA DE GRANITO POLIDO, 4,50x0,50 m, COM CUBA ESCULPIDA PARA LAVATÓRIO - UNID
A22: COMPOSIÇÃO 3 | B22: CÓDIGO | C22: DESCRIÇÃO | D22: UN | E22: QTDE | F22: VALOR UNITÁRIO | J22: VALOR TOTAL
A23: INSUMO | B23: 4823 | C23: MASSA PLÁSTICA PARA GRANITO | D23: KG | E23: 1 | F23: 35.11 | J23: =F23*E23 -> 35.11
A24: INSUMO | B24: 7568 | C24: BUCHA DE NYLON S10 | D24: UN | E24: 12 | F24: 1.29 | J24: =F24*E24 -> 15.48
A25: INSUMO | B25: 11795 | C25: GRANITO PARA BANCADA, POLIDO, CINZA ANDORINHA E: 2,5 CM | D25: M² | E25: =(4.5*0.5)+(4.5*0.1)+(4.5*0.15)+(0.5*2*0.15)+(4*0.3*2)+(4*0.4*2) -> 9.125 | F25: 724.52 | J25: =F25*E25 -> 6611.245
A26: INSUMO | B26: 37329 | C26: REJUNTE EPOXI | D26: KG | E26: 0.03 | F26: 98.93 | J26: =F26*E26 -> 2.9679
A27: INSUMO | B27: 37591 | C27: SUPORTE MÃO FRANCESA EM AÇO, 40 CM | D27: UN | E27: 4 | F27: 22.11 | J27: =F27*E27 -> 88.44
A28: COMPOSICAO | B28: 88274 | C28: MARMORISTA COM ENCARGOS COMPLEMENTARES | D28: H | E28: 2.5 | F28: 28 | J28: =F28*E28 -> 70
A29: COMPOSICAO | B29: 88316 | C29: SERVENTE COM ENCARGOS COMPLEMENTARES | D29: H | E29: 2 | F29: 24 | J29: =F29*E29 -> 48
F30: TOTAL | J30: =SUM(J23:J29) -> 6871.2429
A32: PAINEL DE LED DE SOBREPOR 12w 20x20 cm - FORNECIMENTO E INSTALAÇÃO - UNID
A33: COMPOSIÇÃO 4 | B33: CÓDIGO | C33: DESCRIÇÃO | D33: UN | E33: QTDE | F33: VALOR UNITÁRIO | J33: VALOR TOTAL
A34: COMÉRCIO LOCAL | C34: PAINEL DE LED DE SOBREPOR 12w 20x20 cm, 4000 K, LUZ NEUTRA | D34: UN | E34: 1,0000000 | F34: 30 | J34: =F34 -> 30
A35: COMPOSICAO | B35: 88247 | C35: AUXILIAR DE ELETRICISTA COM ENCARGOS COMPLEMENTARES | D35: H | E35: 0,1727000 | F35: 26 | J35: =E35*F35 -> 4.4902
A36: COMPOSICAO | B36: 88264 | C36: ELETRICISTA COM ENCARGOS COMPLEMENTARES | D36: H | E36: 0,4144000 | F36: 30 | J36: =E36*F36 -> 12.432
F37: TOTAL | J37: =J34+J35+J36 -> 46.9222
A39: PAINEL DE LED DE EMBUTIR 36w 40x40 cm - FORNECIMENTO E INSTALAÇÃO - UNID
A40: COMPOSICAO 5 | B40: CÓDIGO | C40: DESCRIÇÃO | D40: UN | E40: QTDE | F40: VALOR UNITÁRIO | J40: VALOR TOTAL
A41: COMÉRCIO LOCAL | C41: PAINEL DE LED DE SOBREPOR 36w 40x40 cm, 4000 K, LUZ NEUTRA | D41: UN | E41: 1,0000000 | F41: 95 | J41: =F41 -> 95
A42: COMPOSICAO | B42: 88247 | C42: AUXILIAR DE ELETRICISTA COM ENCARGOS COMPLEMENTARES | D42: H | E42: 0.25 | F42: 26 | J42: =E42*F42 -> 6.5
A43: COMPOSICAO | B43: 88264 | C43: ELETRICISTA COM ENCARGOS COMPLEMENTARES | D43: H | E43: 1 | F43: 30 | J43: =E43*F43 -> 30
F44: TOTAL | J44: =J41+J42+J43 -> 131.5
A46: PAINEL DE LED DE EMBUTIR 24w 30x30 cm - FORNECIMENTO E INSTALAÇÃO - UNID
A47: COMPOSIÇÃO 6 | B47: CÓDIGO | C47: DESCRIÇÃO | D47: UN | E47: QTDE | F47: VALOR UNITÁRIO | J47: VALOR TOTAL
A48: COMÉRCIO LOCAL | C48: PAINEL DE LED DE SOBREPOR 24w 30x30 cm, 4000 K, LUZ NEUTRA | D48: UN | E48: 1,0000000 | F48: 45 | J48: =F48 -> 45
A49: COMPOSICAO | B49: 88247 | C49: AUXILIAR DE ELETRICISTA COM ENCARGOS COMPLEMENTARES | D49: H | E49: 0,1727000 | F49: 26 | J49: =E49*F49 -> 4.4902
A50: COMPOSICAO | B50: 88264 | C50: ELETRICISTA COM ENCARGOS COMPLEMENTARES | D50: H | E50: 0,4144000 | F50: 30 | J50: =E50*F50 -> 12.432
F51: TOTAL | J51: =J48+J49+J50 -> 61.9222
A53: ARANDELA 6W, 3000K, IP66, 220V - FORNECIMENTO E INSTALAÇÃO - UNID
A54: COMPOSIÇÃO 7 | B54: CÓDIGO | C54: DESCRIÇÃO | D54: UN | E54: QTDE | F54: VALOR UNITÁRIO | J54: VALOR TOTAL
A55: COMÉRCIO LOCAL | C55: LUMINARIA ARANDELA DE LED 6W, EXTERNA, 3000K, IP66, 220V | D55: UN | E55: 1,0000000 | F55: 100 | J55: =F55 -> 100
A56: COMPOSICAO | B56: 88247 | C56: AUXILIAR DE ELETRICISTA COM ENCARGOS COMPLEMENTARES | D56: H | E56: 0,1727000 | F56: 26 | J56: =E56*F56 -> 4.4902
A57: COMPOSICAO | B57: 88264 | C57: ELETRICISTA COM ENCARGOS COMPLEMENTARES | D57: H | E57: 0,4144000 | F57: 30 | J57: =E57*F57 -> 12.432
F58: TOTAL | J58: =J55+J56+J57 -> 116.9222
A60: Floriano Peixoto/ RS, 04 de setembro de 2026.
A68: Eng. Angelica Gasparetto Sandri
A69: CREA RS 215.874
